 Dungeon Crawl Stone Soup version 0.21.1-1-g345015f (webtiles) character file.

807 inc the Shield-Bearer (level 7, -4/46 HPs)
             Began as an Octopode Fighter on Apr 24, 2018.
             Was a Believer of Okawaru.
             Slain by a sky beast (6 damage)
             ... on level 5 of the Dungeon.
             The game lasted 00:08:18 (4550 turns).

inc the Shield-Bearer (Octopode Fighter)            Turns: 4550, Time: 00:08:20

Health: -4/46      AC:  1    Str: 16    XL:     7   Next: 92%
Magic:  7/7        EV: 12    Int: 10    God:    Okawaru [**....]
Gold:   180        SH: 10    Dex: 13    Spells: 6/6 levels left

rFire    + . .     SeeInvis .   c - +1 flail (protect)
rCold    . . .     Gourm    .   b - +0 shield
rNeg     . . .     Faith    .   (helmet restricted)
rPois    .         Spirit   .   (no amulet)
rElec    .         Reflect  .   n - ring of resist corrosion
rCorr    +         Harm     .   v - ring of protection from fire
MR       .....                  (no ring)
Stlth    ++........             (no ring)
HPRegen  0.15/turn              (no ring)
MPRegen  0.10/turn              (no ring)
                                (no ring)
                                (no ring)

@: no status effects
A: almost no armour, stealthy swim, amphibious, 8 rings, constrict 8, camouflage
1, gelatinous body 1
a: Heroism, Renounce Religion


You were on level 5 of the Dungeon.
You worshipped Okawaru.
Okawaru was pleased with you.
You were not hungry.

You visited 1 branch of the dungeon, and saw 5 of its levels.
You also visited: Sewer.

You collected 180 gold pieces.

Inventory:

Hand Weapons
 a - a +0 flail
 c - a +1 flail of protection (weapon)
Armour
 b - a +0 shield (worn)
Jewellery
 n - a ring of resist corrosion (left tentacle)
 v - a ring of protection from fire (right tentacle)
Wands
 i - a wand of iceblast (9)
Scrolls
 j - 5 scrolls of fog
 l - a scroll of immolation
 m - 2 scrolls of identify
 o - 3 scrolls of remove curse
 q - a scroll of teleportation
 t - a scroll of noise {unknown}
Potions
 e - 9 potions of flight
 g - a potion of mutation {unknown}
 h - a potion of brilliance {unknown}
 k - a potion of degeneration {unknown}
 p - a potion of experience {unknown}
 r - 3 potions of might
 s - a potion of haste
 u - a potion of magic {unknown}
 w - a potion of resistance
Comestibles
 d - 8 rations
 f - a chunk of flesh


   Skills:
 - Level 3.0 Fighting
 + Level 6.3 Maces & Flails
 - Level 3.0 Dodging
 + Level 6.7 Shields


You had 6 spell levels left.
You didn't know any spells.

Dungeon Overview and Level Annotations

Branches:
Dungeon (5/15)
 Temple: D:4-7

Altars:
Ashenzari
Cheibriados
Nemelex Xobeh
Okawaru
Sif Muna


Innate Abilities, Weirdness & Mutations

You cannot wear most types of armour.
You are very stealthy in the water. (Stealth+)
You are amphibious.
You can wear up to eight rings at the same time.
You can use your tentacles to constrict eight enemies at once.
Your skin changes colour to match your surroundings (Stealth+).
Your rubbery body absorbs attacks. (AC +1, EV +1)


Message History

The sky beast is moderately wounded.
The sky beast flickers out of sight!
Deactivating autopickup; reactivate with Ctrl-A.
You block something's attack.
No target in view!
You barely miss something. You squeeze something.
Something hits you but does no damage.
You miss something. Something hits you but does no damage.
You barely miss something. Something hits you. Something shocks you.
You barely miss something. Your squeeze misses something. Something hits you.
Something shocks you.
* * * LOW HITPOINT WARNING * * *
You closely miss something. Your squeeze misses something. Something hits you.
* * * LOW HITPOINT WARNING * * *
Something shocks you.
* * * LOW HITPOINT WARNING * * *
Something hits you.
* * * LOW HITPOINT WARNING * * *
Something shocks you.
You die...

############......##......##.....
#......................
#........).............
#.......)).............
#.......##......#######
#.......##......##
#................#
#.########.......#
#.....@{##.......'.
#........#......##.
#.......##'###### #....(..##..
#........... #.#'######.. #....
#).. #....


There were no monsters in sight!

Vanquished Creatures
  A sky beast (D:5)
  An ogre (D:4)
  A scorpion (D:4)
  4 orc wizards
  A jelly (D:5)
  4 orc priests
  A centaur skeleton (D:4)
  Terence (D:2)
  2 worker ants (D:4)
  A gnoll (D:1)
  7 adders
  A river rat (D:3)
  4 oozes
  5 worms
  3 dart slugs
  4 leopard geckos
  14 orcs
  3 giant cockroaches
  3 goblins
  5 hobgoblins
  6 jackals
  24 kobolds
  2 ball pythons
  6 bats
  3 frilled lizards
  9 rats
116 creatures vanquished.

Notes
Turn   | Place    | Note
-------+----------+-------------------------------------------
     0 | D:1      | inc the Octopode Fighter began the quest for the Orb.
     0 | D:1      | Reached XP level 1. HP: 16/16 MP: 1/1
    32 | D:1      | Found an iron altar of Okawaru.
    89 | D:1      | Became a worshipper of Warmaster Okawaru
   225 | D:1      | Reached XP level 2. HP: 7/21 MP: 2/2
   611 | D:1      | Reached XP level 3. HP: 25/26 MP: 3/3
  1320 | D:2      | Reached XP level 4. HP: 31/31 MP: 4/4
  1433 | D:2      | Noticed Terence
  1446 | D:2      | Killed Terence
  1708 | D:2      | Reached XP level 5. HP: 27/36 MP: 5/5
  1858 | D:3      | Found a snail-covered altar of Cheibriados.
  2202 | D:3      | Found a glowing drain.
  2206 | Sewer    | Entered a sewer
  2773 | D:4      | Reached * piety under Okawaru
  2773 | D:4      | Reached skill level 5 in Shields
  2773 | D:4      | Reached XP level 6. HP: 29/42 MP: 6/6
  3015 | D:4      | Reached skill level 5 in Maces & Flails
  3240 | D:4      | Reached XP level 7. HP: 42/46 MP: 7/7
  3262 | D:4      | Found a deep blue altar of Sif Muna.
  3903 | D:5      | Entered Level 5 of the Dungeon
  4124 | D:5      | Found a sparkling altar of Nemelex Xobeh.
  4416 | D:5      | Reached ** piety under Okawaru
  4484 | D:5      | Found a shattered altar of Ashenzari.
  4550 | D:5      | HP: 2/46 [something (3)]
  4550 | D:5      | Slain by a sky beast

Skill      XL: |  1  2  3  4  5  6  7 |
---------------+----------------------+-----
Maces & Flails | 3 4 5 6 |  6.3
Shields        | 4 5 6 |  6.7
Fighting       | |  3.0
Dodging        | |  3.0

Action                   |  1- 3 |  4- 6 |  7- 9 || total
-------------------------+-------+-------+-------++-------
Melee: Flail             |    65 |   128 |    84 ||   277
       Constrict         |    18 |    41 |     8 ||    67
       Tentacles         |     9 |    28 |    17 ||    54
Invok: Heroism           |       |       |     1 ||     1
  Use: Potion            |       |     1 |     2 ||     3
       Scroll            |       |     8 |       ||     8
 Stab: Sleeping          |    10 |     9 |     1 ||    20
       Invisible         |       |       |     2 ||     2
  Eat: Chunk             |     1 |     7 |     4 ||    12
Armor: Skin              |     5 |    14 |     9 ||    28
Dodge: Dodged            |    29 |    28 |    22 ||    79
Block: Shield            |    31 |    67 |    26 ||   124
